 Dungeon Crawl Stone Soup version 0.29.0-4-gdea44cf6ec (webtiles) character file.

Game seed: 8885124285797526601

425 qw the Ruffian (level 6, 59/59 HPs)
             Began as a Troll Cinder Acolyte on Aug 30, 2022.
             Was a High Priest of Ignis.
             Quit the game on level 3 of the Dungeon.
             The game lasted 00:10:42 (3829 turns).

qw the Ruffian (Troll Cinder Acolyte)               Turns: 3829, Time: 00:10:42

Health: 59/59      AC:  4    Str: 25    XL:     6   Next: 64%
Magic:  6/6        EV:  9    Int: 10    God:    Ignis [*****.]
Gold:   82         SH:  0    Dex:  5    Spells: 7/7 levels left

rFire   + . .      SeeInvis +     - Unarmed
rCold   . . .      Faith    .   (no shield)
rNeg    . . .      Spirit   .   a - +0 robe
rPois   .          Reflect  .   (helmet restricted)
rElec   .          Harm     .   (no cloak)
rCorr   .          Rampage  .   (gloves unavailable)
Will    .....                   (boots unavailable)
Stlth   +.........              (no amulet)
HPRegen 0.99/turn               g - ring of see invisible
MPRegen 0.10/turn               (no ring)

@: no status effects
A: large, unfitting armour, claws 3, regeneration 1, shaggy fur 1, tough skin 1
a: Renounce Religion, Fiery Armour, Foxfire Swarm, Rising Flame


You were on level 3 of the Dungeon.
You worshipped Ignis.
Ignis was extremely pleased with you.
You visited 1 branch of the dungeon, and saw 3 of its levels.

You collected 121 gold pieces.
You spent 39 gold pieces at shops.


Innate Abilities, Weirdness & Mutations

You are too large for most types of armour.
You have claws for hands.
Your natural rate of healing is unusually fast.
You are covered in fur. (AC +1)
You have tough skin. (AC +1)


   Skills:
 - Level 2.4 Fighting
 + Level 7.6 Unarmed Combat
 - Level 1.0 Spellcasting
 - Level 2.1 Fire Magic


You had 7 spell levels left.
You didn't know any spells.
Your spell library contained the following spells:

 Spells                   Type           Power      Damage    Failure   Level
 Scorch                   Fire           8%         2d5       22%         2

Inventory:

Armour
 a - a +0 robe (worn)
Jewellery
 g - a ring of see invisible (left claw)
 j - a ring of see invisible
Scrolls
 h - a scroll of identify
Potions
 b - 3 potions of curing
 d - a potion of berserk rage {unknown}
 e - a potion of cancellation
 i - a potion of resistance

Dungeon Overview and Level Annotations

Branches:
Dungeon (3/15)

Altars:
Xom

Shops:
D:3 *


Message History

There are monsters nearby!
There are monsters nearby!
3820 ||| Stepping randomly (stuck).
There are monsters nearby!
There are monsters nearby!
3821 ||| Stepping randomly (stuck).
Things that are here:
a +0 dagger; a +0 scale mail
There are monsters nearby!
There are monsters nearby!
3822 ||| Stepping randomly (stuck).
There are monsters nearby!
There are monsters nearby!
3823 ||| Stepping randomly (stuck).
Things that are here:
a +0 dagger; a +0 scale mail
There are monsters nearby!
There are monsters nearby!
3824 ||| Stepping randomly (stuck).
There are monsters nearby!
There are monsters nearby!
3825 ||| Stepping randomly (stuck).
Things that are here:
a +0 dagger; a +0 scale mail
There are monsters nearby!
There are monsters nearby!
3826 ||| Stepping randomly (stuck).
There are monsters nearby!
There are monsters nearby!
3827 ||| Stepping randomly (stuck).
Things that are here:
a +0 dagger; a +0 scale mail
There are monsters nearby!
There are monsters nearby!
3828 ||| Stepping randomly (stuck).
Things that are here:
a +0 scythe; a +2 robe of positive energy; a fizzy pink potion A ball python is nearby!
A ball python is nearby!
Are you sure you want to abandon this character and quit the game? (Confirm with "yes".)

..# ###.#####..#######...### #
..#####......................#
#
.................###########.#
# ...######....#....#
########.# # ...#
.##...#..!##..##...##.# # ...#
..#...#...#....###.##.# # ##.#
#.#...#...#.#..# #.##.# # ##.#
.#..#.#..#.##..##.##.# # #..#
o#..#.#.@#S?#..##....# ...#
###..#.#.)####..#...######
#..# #..##.##))##..##..%......
##.#
....#...#......##...#####. #.#
...##...##....####....###.
#.####.. #....
##..##..#.##.##.# ##....##
#..#. ###..........##
......(##.. ## ###.#.#.##.##.#
........#. r #......)##.###<


You could see a ball python.

Vanquished Creatures
  Sigmund (D:3)
  A gnoll bouda (D:3)
  Ijyb (D:3)
  Jessica (D:3)
  Terence (D:3)
  Robin (D:3)
  2 adders
  4 gnolls (D:3)
  2 worms
  2 dart slugs
  3 orcs (D:3)
  3 bats
  4 endoplasms
  4 giant cockroaches
  14 goblins
  11 hobgoblins
  2 jackals (D:2)
  A quokka (D:1)
  4 ball pythons
  A frilled lizard (D:3)
  5 kobolds
  A rat (D:3)
69 creatures vanquished.

Vanquished Creatures (others)
  A plant (D:1)
1 creature vanquished.

Grand Total: 70 creatures vanquished

Notes
Turn   | Place    | Note
-------+----------+-------------------------------------------
     0 | D:1      | qw the Troll Cinder Acolyte began the quest for the Orb.
     0 | D:1      | Reached XP level 1. HP: 22/22 MP: 1/1
     0 | D:1      | 0 ||| qw: Version: 0.1-a-95-gae9e614
     0 | D:1      | 0 ||| qw: Game counter: 4432
     0 | D:1      | 0 ||| qw: Always use a shield: true
     0 | D:1      | 0 ||| qw: God list: Okawaru
     0 | D:1      | 0 ||| qw: Allow faded altars: false
     0 | D:1      | 0 ||| qw: Do Orc after D:15 true
     0 | D:1      | 0 ||| qw: Do second Lair branch before Depths: true
     0 | D:1      | 0 ||| qw: Lair rune preference: random
     0 | D:1      | 0 ||| qw: Plans: Normal
     0 | D:1      | 0 ||| PLANNING D:1-11
    28 | D:1      | You fall into a shaft and drop 1 floor!
   273 | D:1      | 273 ||| Stepping ~*~*~tactically~*~*~ (stealth).
   278 | D:1      | 278 ||| Stepping ~*~*~tactically~*~*~ (outnumbered).
   279 | D:1      | 279 ||| Stepping ~*~*~tactically~*~*~ (outnumbered).
   280 | D:1      | 280 ||| Stepping ~*~*~tactically~*~*~ (outnumbered).
   282 | D:1      | 282 ||| Stepping ~*~*~tactically~*~*~ (outnumbered).
   283 | D:1      | 283 ||| Stepping ~*~*~tactically~*~*~ (outnumbered).
   284 | D:1      | 284 ||| Stepping ~*~*~tactically~*~*~ (outnumbered).
   285 | D:1      | 285 ||| Stepping ~*~*~tactically~*~*~ (outnumbered).
   286 | D:1      | 286 ||| Stepping ~*~*~tactically~*~*~ (outnumbered).
   289 | D:1      | Reached XP level 2. HP: 25/29 MP: 2/2
   353 | D:1      | 353 ||| Stepping ~*~*~tactically~*~*~ (outnumbered).
   398 | D:1      | Reached skill level 4 in Unarmed Combat
   717 | D:1      | 717 ||| DROPPING ring of flight.
   718 | D:1      | 718 ||| UPGRADING to ring of see invisible.
   719 | D:1      | 719 ||| READING scroll labelled PEOFEUSTR RUME.
   720 | D:1      | 720 ||| READING scroll labelled EHEYLAU TEHEGGU.
   721 | D:1      | 721 ||| READING scroll labelled YCKOK NO BOA.
   722 | D:1      | 722 ||| DRINKING 3 glowing inky potions.
   723 | D:1      | 723 ||| DRINKING 2 metallic dark potions.
   787 | D:2      | Identified the +0 ring mail of the Keeping Gods {rC+}
   798 | D:2      | Reached XP level 3. HP: 36/36 MP: 3/3
  1152 | D:2      | 1152 ||| Stepping ~*~*~tactically~*~*~ (stealth).
  1487 | D:2      | 1487 ||| READING scroll labelled MARO NOUTUHU.
  1491 | D:2      | 1491 ||| READING scroll labelled MUF TAESIOT.
  1492 | D:2      | 1492 ||| READING scroll labelled PUPRIRH GOEHI.
  1559 | D:1      | 1559 ||| Stepping randomly (stuck).
  1646 | D:3      | Reached XP level 4. HP: 44/44 MP: 4/4
  1703 | D:3      | Found Tumpymn's General Store.
  1712 | D:3      | 1712 ||| BUYING potion of curing (39 gold).
  1712 | D:3      | Bought a potion of curing for 39 gold pieces
  1774 | D:3      | Reached skill level 5 in Unarmed Combat
  1777 | D:3      | 1777 ||| INVOKING Fiery Armour.
  1795 | D:3      | Reached XP level 5. HP: 34/50 MP: 5/5
  1819 | D:3      | Found a shimmering altar of Xom.
  1825 | D:3      | Noticed Jessica
  1828 | D:3      | Killed Jessica
  1829 | D:3      | Reached skill level 6 in Unarmed Combat
  1892 | D:3      | Noticed Terence
  1904 | D:3      | Killed Terence
  2010 | D:3      | 2010 ||| Stepping ~*~*~tactically~*~*~ (hiding).
  2076 | D:3      | Noticed Robin
  2081 | D:3      | Killed Robin
  2093 | D:3      | 2093 ||| Stepping ~*~*~tactically~*~*~ (stealth).
  2102 | D:3      | 2102 ||| Stepping ~*~*~tactically~*~*~ (outnumbered).
  2114 | D:3      | Noticed Ijyb
  2115 | D:3      | 2115 ||| Stepping ~*~*~tactically~*~*~ (stealth).
  2118 | D:3      | 2118 ||| Stepping ~*~*~tactically~*~*~ (hiding).
  2125 | D:3      | 2125 ||| Stepping ~*~*~tactically~*~*~ (outnumbered).
  2133 | D:3      | Killed Ijyb
  2158 | D:3      | 2158 ||| Stepping ~*~*~tactically~*~*~ (hiding).
  2495 | D:3      | 2495 ||| DRINKING 2 amethyst potions.
  2496 | D:3      | 2496 ||| READING 2 scrolls of identify.
  2496 | D:3      | 2496 ||| IDENTIFYING smoky emerald potion
  2497 | D:3      | 2497 ||| DROPPING potion of flight.
  2498 | D:3      | 2498 ||| Stepping randomly (stuck).
  2499 | D:3      | 2499 ||| Stepping randomly (stuck).
  2500 | D:3      | 2500 ||| Stepping randomly (stuck).
  2501 | D:3      | 2501 ||| Stepping randomly (stuck).
  2502 | D:3      | 2502 ||| Stepping ~*~*~tactically~*~*~ (hiding).
  2514 | D:3      | 2514 ||| Stepping randomly (stuck).
  2515 | D:3      | 2515 ||| Stepping randomly (stuck).
  2516 | D:3      | 2516 ||| Stepping randomly (stuck).
  2516 | D:3      | Noticed Sigmund
  2517 | D:3      | 2517 ||| Stepping randomly (stuck).
  2518 | D:3      | 2518 ||| Stepping randomly (stuck).
  2520 | D:3      | 2520 ||| Stepping randomly (stuck).
  2521 | D:3      | 2521 ||| Stepping randomly (stuck).
  2527 | D:3      | 2527 ||| DRINKING 4 potions of curing.
  2527 | D:3      | 2527 ||| (to cure confusion)
  2532 | D:3      | Killed Sigmund
  2533 | D:3      | Reached skill level 7 in Unarmed Combat
  2533 | D:3      | Reached XP level 6. HP: 59/59 MP: 6/6
  2533 | D:3      | 2533 ||| Stepping randomly (stuck).
  2534 | D:3      | 2534 ||| Stepping randomly (stuck).
  2535 | D:3      | 2535 ||| Stepping randomly (stuck).
  2537 | D:3      | 2537 ||| Stepping randomly (stuck).
  2538 | D:3      | 2538 ||| Stepping randomly (stuck).
  2539 | D:3      | 2539 ||| Stepping randomly (stuck).
  2540 | D:3      | 2540 ||| Stepping randomly (stuck).
  2541 | D:3      | 2541 ||| Stepping randomly (stuck).
  2543 | D:3      | 2543 ||| Stepping randomly (stuck).
  2544 | D:3      | 2544 ||| Stepping randomly (stuck).
  2545 | D:3      | 2545 ||| Stepping randomly (stuck).
  2547 | D:3      | 2547 ||| Stepping randomly (stuck).
  2548 | D:3      | 2548 ||| Stepping randomly (stuck).
  2550 | D:3      | 2550 ||| Stepping randomly (stuck).
  2552 | D:3      | 2552 ||| Stepping randomly (stuck).
  2554 | D:3      | 2554 ||| Stepping randomly (stuck).
  2555 | D:3      | 2555 ||| Stepping randomly (stuck).
  2556 | D:3      | 2556 ||| Stepping randomly (stuck).
  2557 | D:3      | 2557 ||| Stepping randomly (stuck).
  2559 | D:3      | 2559 ||| Stepping randomly (stuck).
  2560 | D:3      | 2560 ||| Stepping randomly (stuck).
  2562 | D:3      | 2562 ||| Stepping randomly (stuck).
  2563 | D:3      | 2563 ||| Stepping randomly (stuck).
  2565 | D:3      | 2565 ||| Stepping randomly (stuck).
  2567 | D:3      | 2567 ||| Stepping randomly (stuck).
  2568 | D:3      | 2568 ||| Stepping randomly (stuck).
  2569 | D:3      | 2569 ||| Stepping randomly (stuck).
  2570 | D:3      | 2570 ||| Stepping randomly (stuck).
  2571 | D:3      | 2571 ||| Stepping randomly (stuck).
  2573 | D:3      | 2573 ||| Stepping randomly (stuck).
  2574 | D:3      | 2574 ||| Stepping randomly (stuck).
  2575 | D:3      | 2575 ||| Stepping randomly (stuck).
  2576 | D:3      | 2576 ||| Stepping randomly (stuck).
  2577 | D:3      | 2577 ||| Stepping randomly (stuck).
  2578 | D:3      | 2578 ||| Stepping randomly (stuck).
  2579 | D:3      | 2579 ||| Stepping randomly (stuck).
  2580 | D:3      | 2580 ||| Stepping randomly (stuck).
  2581 | D:3      | 2581 ||| Stepping randomly (stuck).
  2582 | D:3      | 2582 ||| Stepping randomly (stuck).
  2583 | D:3      | 2583 ||| Stepping randomly (stuck).
  2585 | D:3      | 2585 ||| Stepping randomly (stuck).
  2586 | D:3      | 2586 ||| Stepping randomly (stuck).
  2587 | D:3      | 2587 ||| Stepping randomly (stuck).
  2588 | D:3      | 2588 ||| Stepping randomly (stuck).
  2589 | D:3      | 2589 ||| Stepping randomly (stuck).
  2590 | D:3      | 2590 ||| Stepping randomly (stuck).
  2591 | D:3      | 2591 ||| Stepping randomly (stuck).
  2593 | D:3      | 2593 ||| Stepping randomly (stuck).
  2595 | D:3      | 2595 ||| Stepping randomly (stuck).
  2597 | D:3      | 2597 ||| Stepping randomly (stuck).
  2599 | D:3      | 2599 ||| Stepping randomly (stuck).
  2600 | D:3      | 2600 ||| Stepping randomly (stuck).
  2601 | D:3      | 2601 ||| Stepping randomly (stuck).
  2602 | D:3      | 2602 ||| Stepping randomly (stuck).
  2603 | D:3      | 2603 ||| Stepping randomly (stuck).
  2604 | D:3      | 2604 ||| Stepping randomly (stuck).
  2605 | D:3      | 2605 ||| Stepping randomly (stuck).
  2606 | D:3      | 2606 ||| Stepping randomly (stuck).
  2608 | D:3      | 2608 ||| Stepping randomly (stuck).
  2609 | D:3      | 2609 ||| Stepping randomly (stuck).
  2611 | D:3      | 2611 ||| Stepping randomly (stuck).
  2613 | D:3      | 2613 ||| Stepping randomly (stuck).
  2614 | D:3      | 2614 ||| Stepping randomly (stuck).
  2616 | D:3      | 2616 ||| Stepping randomly (stuck).
  2618 | D:3      | 2618 ||| Stepping randomly (stuck).
  2619 | D:3      | 2619 ||| Stepping randomly (stuck).
  2620 | D:3      | 2620 ||| Stepping randomly (stuck).
  2622 | D:3      | 2622 ||| Stepping randomly (stuck).
  2624 | D:3      | 2624 ||| Stepping randomly (stuck).
  2625 | D:3      | 2625 ||| Stepping randomly (stuck).
  2626 | D:3      | 2626 ||| Stepping randomly (stuck).
  2627 | D:3      | 2627 ||| Stepping randomly (stuck).
  2629 | D:3      | 2629 ||| Stepping randomly (stuck).
  2631 | D:3      | 2631 ||| Stepping randomly (stuck).
  2633 | D:3      | 2633 ||| Stepping randomly (stuck).
  2634 | D:3      | 2634 ||| Stepping randomly (stuck).
  2635 | D:3      | 2635 ||| Stepping randomly (stuck).
  2636 | D:3      | 2636 ||| Stepping randomly (stuck).
  2638 | D:3      | 2638 ||| Stepping randomly (stuck).
  2639 | D:3      | 2639 ||| Stepping randomly (stuck).
  2640 | D:3      | 2640 ||| Stepping randomly (stuck).
  2641 | D:3      | 2641 ||| Stepping randomly (stuck).
  2643 | D:3      | 2643 ||| Stepping randomly (stuck).
  2645 | D:3      | 2645 ||| Stepping randomly (stuck).
  2646 | D:3      | 2646 ||| Stepping randomly (stuck).
  2647 | D:3      | 2647 ||| Stepping randomly (stuck).
  2648 | D:3      | 2648 ||| Stepping randomly (stuck).
  2649 | D:3      | 2649 ||| Stepping randomly (stuck).
  2650 | D:3      | 2650 ||| Stepping randomly (stuck).
  2651 | D:3      | 2651 ||| Stepping randomly (stuck).
  2652 | D:3      | 2652 ||| Stepping randomly (stuck).
  2653 | D:3      | 2653 ||| Stepping randomly (stuck).
  2655 | D:3      | 2655 ||| Stepping randomly (stuck).
  2656 | D:3      | 2656 ||| Stepping randomly (stuck).
  2657 | D:3      | 2657 ||| Stepping randomly (stuck).
  2659 | D:3      | 2659 ||| Stepping randomly (stuck).
  2661 | D:3      | 2661 ||| Stepping randomly (stuck).
  2663 | D:3      | 2663 ||| Stepping randomly (stuck).
  2664 | D:3      | 2664 ||| Stepping randomly (stuck).
  2665 | D:3      | 2665 ||| Stepping randomly (stuck).
  2666 | D:3      | 2666 ||| Stepping randomly (stuck).
  2667 | D:3      | 2667 ||| Stepping randomly (stuck).
  2668 | D:3      | 2668 ||| Stepping randomly (stuck).
  2669 | D:3      | 2669 ||| Stepping randomly (stuck).
  2670 | D:3      | 2670 ||| Stepping randomly (stuck).
  2672 | D:3      | 2672 ||| Stepping randomly (stuck).
  2674 | D:3      | 2674 ||| Stepping randomly (stuck).
  2675 | D:3      | 2675 ||| Stepping randomly (stuck).
  2676 | D:3      | 2676 ||| Stepping randomly (stuck).
  2677 | D:3      | 2677 ||| Stepping randomly (stuck).
  2678 | D:3      | 2678 ||| Stepping randomly (stuck).
  2679 | D:3      | 2679 ||| Stepping randomly (stuck).
  2681 | D:3      | 2681 ||| Stepping randomly (stuck).
  2682 | D:3      | 2682 ||| Stepping randomly (stuck).
  2683 | D:3      | 2683 ||| Stepping randomly (stuck).
  2684 | D:3      | 2684 ||| Stepping randomly (stuck).
  2685 | D:3      | 2685 ||| Stepping randomly (stuck).
  2687 | D:3      | 2687 ||| Stepping randomly (stuck).
  2688 | D:3      | 2688 ||| Stepping randomly (stuck).
  2689 | D:3      | 2689 ||| Stepping randomly (stuck).
  2690 | D:3      | 2690 ||| Stepping randomly (stuck).
  2692 | D:3      | 2692 ||| Stepping randomly (stuck).
  2693 | D:3      | 2693 ||| Stepping randomly (stuck).
  2694 | D:3      | 2694 ||| Stepping randomly (stuck).
  2696 | D:3      | 2696 ||| Stepping randomly (stuck).
  2698 | D:3      | 2698 ||| Stepping randomly (stuck).
  2699 | D:3      | 2699 ||| Stepping randomly (stuck).
  2701 | D:3      | 2701 ||| Stepping randomly (stuck).
  2703 | D:3      | 2703 ||| Stepping randomly (stuck).
  2704 | D:3      | 2704 ||| Stepping randomly (stuck).
  2705 | D:3      | 2705 ||| Stepping randomly (stuck).
  2706 | D:3      | 2706 ||| Stepping randomly (stuck).
  2707 | D:3      | 2707 ||| Stepping randomly (stuck).
  2708 | D:3      | 2708 ||| Stepping randomly (stuck).
  2709 | D:3      | 2709 ||| Stepping randomly (stuck).
  2710 | D:3      | 2710 ||| Stepping randomly (stuck).
  2711 | D:3      | 2711 ||| Stepping randomly (stuck).
  2712 | D:3      | 2712 ||| Stepping randomly (stuck).
  2713 | D:3      | 2713 ||| Stepping randomly (stuck).
  2714 | D:3      | 2714 ||| Stepping randomly (stuck).
  2715 | D:3      | 2715 ||| Stepping randomly (stuck).
  2718 | D:3      | 2718 ||| Stepping randomly (stuck).
  2719 | D:3      | 2719 ||| Stepping randomly (stuck).
  2720 | D:3      | 2720 ||| Stepping randomly (stuck).
  2721 | D:3      | 2721 ||| Stepping randomly (stuck).
  2722 | D:3      | 2722 ||| Stepping randomly (stuck).
  2723 | D:3      | 2723 ||| Stepping randomly (stuck).
  2724 | D:3      | 2724 ||| Stepping randomly (stuck).
  2725 | D:3      | 2725 ||| Stepping randomly (stuck).
  2727 | D:3      | 2727 ||| Stepping randomly (stuck).
  2729 | D:3      | 2729 ||| Stepping randomly (stuck).
  2731 | D:3      | 2731 ||| Stepping randomly (stuck).
  2733 | D:3      | 2733 ||| Stepping randomly (stuck).
  2735 | D:3      | 2735 ||| Stepping randomly (stuck).
  2736 | D:3      | 2736 ||| Stepping randomly (stuck).
  2738 | D:3      | 2738 ||| Stepping randomly (stuck).
  2740 | D:3      | 2740 ||| Stepping randomly (stuck).
  2741 | D:3      | 2741 ||| Stepping randomly (stuck).
  2742 | D:3      | 2742 ||| Stepping randomly (stuck).
  2743 | D:3      | 2743 ||| Stepping randomly (stuck).
  2744 | D:3      | 2744 ||| Stepping randomly (stuck).
  2745 | D:3      | 2745 ||| Stepping randomly (stuck).
  2746 | D:3      | 2746 ||| Stepping randomly (stuck).
  2747 | D:3      | 2747 ||| Stepping randomly (stuck).
  2748 | D:3      | 2748 ||| Stepping randomly (stuck).
  2749 | D:3      | 2749 ||| Stepping randomly (stuck).
  2751 | D:3      | 2751 ||| Stepping randomly (stuck).
  2753 | D:3      | 2753 ||| Stepping randomly (stuck).
  2754 | D:3      | 2754 ||| Stepping randomly (stuck).
  2755 | D:3      | 2755 ||| Stepping randomly (stuck).
  2756 | D:3      | 2756 ||| Stepping randomly (stuck).
  2757 | D:3      | 2757 ||| Stepping randomly (stuck).
  2759 | D:3      | 2759 ||| Stepping randomly (stuck).
  2760 | D:3      | 2760 ||| Stepping randomly (stuck).
  2761 | D:3      | 2761 ||| Stepping randomly (stuck).
  2762 | D:3      | 2762 ||| Stepping randomly (stuck).
  2764 | D:3      | 2764 ||| Stepping randomly (stuck).
  2765 | D:3      | 2765 ||| Stepping randomly (stuck).
  2766 | D:3      | 2766 ||| Stepping randomly (stuck).
  2767 | D:3      | 2767 ||| Stepping randomly (stuck).
  2768 | D:3      | 2768 ||| Stepping randomly (stuck).
  2769 | D:3      | 2769 ||| Stepping randomly (stuck).
  2770 | D:3      | 2770 ||| Stepping randomly (stuck).
  2771 | D:3      | 2771 ||| Stepping randomly (stuck).
  2772 | D:3      | 2772 ||| Stepping randomly (stuck).
  2774 | D:3      | 2774 ||| Stepping randomly (stuck).
  2775 | D:3      | 2775 ||| Stepping randomly (stuck).
  2776 | D:3      | 2776 ||| Stepping randomly (stuck).
  2778 | D:3      | 2778 ||| Stepping randomly (stuck).
  2779 | D:3      | 2779 ||| Stepping randomly (stuck).
  2780 | D:3      | 2780 ||| Stepping randomly (stuck).
  2781 | D:3      | 2781 ||| Stepping randomly (stuck).
  2782 | D:3      | 2782 ||| Stepping randomly (stuck).
  2783 | D:3      | 2783 ||| Stepping randomly (stuck).
  2784 | D:3      | 2784 ||| Stepping randomly (stuck).
  2785 | D:3      | 2785 ||| Stepping randomly (stuck).
  2786 | D:3      | 2786 ||| Stepping randomly (stuck).
  2787 | D:3      | 2787 ||| Stepping randomly (stuck).
  2789 | D:3      | 2789 ||| Stepping randomly (stuck).
  2791 | D:3      | 2791 ||| Stepping randomly (stuck).
  2792 | D:3      | 2792 ||| Stepping randomly (stuck).
  2793 | D:3      | 2793 ||| Stepping randomly (stuck).
  2795 | D:3      | 2795 ||| Stepping randomly (stuck).
  2796 | D:3      | 2796 ||| Stepping randomly (stuck).
  2797 | D:3      | 2797 ||| Stepping randomly (stuck).
  2798 | D:3      | 2798 ||| Stepping randomly (stuck).
  2799 | D:3      | 2799 ||| Stepping randomly (stuck).
  2800 | D:3      | 2800 ||| Stepping randomly (stuck).
  2802 | D:3      | 2802 ||| Stepping randomly (stuck).
  2803 | D:3      | 2803 ||| Stepping randomly (stuck).
  2804 | D:3      | 2804 ||| Stepping randomly (stuck).
  2807 | D:3      | 2807 ||| Stepping randomly (stuck).
  2809 | D:3      | 2809 ||| Stepping randomly (stuck).
  2811 | D:3      | 2811 ||| Stepping randomly (stuck).
  2812 | D:3      | 2812 ||| Stepping randomly (stuck).
  2813 | D:3      | 2813 ||| Stepping randomly (stuck).
  2815 | D:3      | 2815 ||| Stepping randomly (stuck).
  2816 | D:3      | 2816 ||| Stepping randomly (stuck).
  2817 | D:3      | 2817 ||| Stepping randomly (stuck).
  2819 | D:3      | 2819 ||| Stepping randomly (stuck).
  2821 | D:3      | 2821 ||| Stepping randomly (stuck).
  2823 | D:3      | 2823 ||| Stepping randomly (stuck).
  2825 | D:3      | 2825 ||| Stepping randomly (stuck).
  2827 | D:3      | 2827 ||| Stepping randomly (stuck).
  2829 | D:3      | 2829 ||| Stepping randomly (stuck).
  2830 | D:3      | 2830 ||| Stepping randomly (stuck).
  2832 | D:3      | 2832 ||| Stepping randomly (stuck).
  2833 | D:3      | 2833 ||| Stepping randomly (stuck).
  2834 | D:3      | 2834 ||| Stepping randomly (stuck).
  2835 | D:3      | 2835 ||| Stepping randomly (stuck).
  2836 | D:3      | 2836 ||| Stepping randomly (stuck).
  2838 | D:3      | 2838 ||| Stepping randomly (stuck).
  2839 | D:3      | 2839 ||| Stepping randomly (stuck).
  2841 | D:3      | 2841 ||| Stepping randomly (stuck).
  2843 | D:3      | 2843 ||| Stepping randomly (stuck).
  2844 | D:3      | 2844 ||| Stepping randomly (stuck).
  2845 | D:3      | 2845 ||| Stepping randomly (stuck).
  2847 | D:3      | 2847 ||| Stepping randomly (stuck).
  2849 | D:3      | 2849 ||| Stepping randomly (stuck).
  2851 | D:3      | 2851 ||| Stepping randomly (stuck).
  2853 | D:3      | 2853 ||| Stepping randomly (stuck).
  2854 | D:3      | 2854 ||| Stepping randomly (stuck).
  2855 | D:3      | 2855 ||| Stepping randomly (stuck).
  2856 | D:3      | 2856 ||| Stepping randomly (stuck).
  2858 | D:3      | 2858 ||| Stepping randomly (stuck).
  2859 | D:3      | 2859 ||| Stepping randomly (stuck).
  2860 | D:3      | 2860 ||| Stepping randomly (stuck).
  2861 | D:3      | 2861 ||| Stepping randomly (stuck).
  2862 | D:3      | 2862 ||| Stepping randomly (stuck).
  2863 | D:3      | 2863 ||| Stepping randomly (stuck).
  2866 | D:3      | 2866 ||| Stepping randomly (stuck).
  2867 | D:3      | 2867 ||| Stepping randomly (stuck).
  2868 | D:3      | 2868 ||| Stepping randomly (stuck).
  2869 | D:3      | 2869 ||| Stepping randomly (stuck).
  2871 | D:3      | 2871 ||| Stepping randomly (stuck).
  2873 | D:3      | 2873 ||| Stepping randomly (stuck).
  2874 | D:3      | 2874 ||| Stepping randomly (stuck).
  2875 | D:3      | 2875 ||| Stepping randomly (stuck).
  2877 | D:3      | 2877 ||| Stepping randomly (stuck).
  2879 | D:3      | 2879 ||| Stepping randomly (stuck).
  2881 | D:3      | 2881 ||| Stepping randomly (stuck).
  2883 | D:3      | 2883 ||| Stepping randomly (stuck).
  2884 | D:3      | 2884 ||| Stepping randomly (stuck).
  2885 | D:3      | 2885 ||| Stepping randomly (stuck).
  2887 | D:3      | 2887 ||| Stepping randomly (stuck).
  2889 | D:3      | 2889 ||| Stepping randomly (stuck).
  2891 | D:3      | 2891 ||| Stepping randomly (stuck).
  2893 | D:3      | 2893 ||| Stepping randomly (stuck).
  2895 | D:3      | 2895 ||| Stepping randomly (stuck).
  2896 | D:3      | 2896 ||| Stepping randomly (stuck).
  2897 | D:3      | 2897 ||| Stepping randomly (stuck).
  2898 | D:3      | 2898 ||| Stepping randomly (stuck).
  2899 | D:3      | 2899 ||| Stepping randomly (stuck).
  2900 | D:3      | 2900 ||| Stepping randomly (stuck).
  2902 | D:3      | 2902 ||| Stepping randomly (stuck).
  2903 | D:3      | 2903 ||| Stepping randomly (stuck).
  2904 | D:3      | 2904 ||| Stepping randomly (stuck).
  2905 | D:3      | 2905 ||| Stepping randomly (stuck).
  2906 | D:3      | 2906 ||| Stepping randomly (stuck).
  2907 | D:3      | 2907 ||| Stepping randomly (stuck).
  2908 | D:3      | 2908 ||| Stepping randomly (stuck).
  2909 | D:3      | 2909 ||| Stepping randomly (stuck).
  2910 | D:3      | 2910 ||| Stepping randomly (stuck).
  2911 | D:3      | 2911 ||| Stepping randomly (stuck).
  2912 | D:3      | 2912 ||| Stepping randomly (stuck).
  2913 | D:3      | 2913 ||| Stepping randomly (stuck).
  2915 | D:3      | 2915 ||| Stepping randomly (stuck).
  2916 | D:3      | 2916 ||| Stepping randomly (stuck).
  2917 | D:3      | 2917 ||| Stepping randomly (stuck).
  2918 | D:3      | 2918 ||| Stepping randomly (stuck).
  2920 | D:3      | 2920 ||| Stepping randomly (stuck).
  2921 | D:3      | 2921 ||| Stepping randomly (stuck).
  2923 | D:3      | 2923 ||| Stepping randomly (stuck).
  2924 | D:3      | 2924 ||| Stepping randomly (stuck).
  2925 | D:3      | 2925 ||| Stepping randomly (stuck).
  2927 | D:3      | 2927 ||| Stepping randomly (stuck).
  2929 | D:3      | 2929 ||| Stepping randomly (stuck).
  2931 | D:3      | 2931 ||| Stepping randomly (stuck).
  2933 | D:3      | 2933 ||| Stepping randomly (stuck).
  2934 | D:3      | 2934 ||| Stepping randomly (stuck).
  2936 | D:3      | 2936 ||| Stepping randomly (stuck).
  2937 | D:3      | 2937 ||| Stepping randomly (stuck).
  2938 | D:3      | 2938 ||| Stepping randomly (stuck).
  2939 | D:3      | 2939 ||| Stepping randomly (stuck).
  2940 | D:3      | 2940 ||| Stepping randomly (stuck).
  2942 | D:3      | 2942 ||| Stepping randomly (stuck).
  2943 | D:3      | 2943 ||| Stepping randomly (stuck).
  2944 | D:3      | 2944 ||| Stepping randomly (stuck).
  2945 | D:3      | 2945 ||| Stepping randomly (stuck).
  2947 | D:3      | 2947 ||| Stepping randomly (stuck).
  2949 | D:3      | 2949 ||| Stepping randomly (stuck).
  2950 | D:3      | 2950 ||| Stepping randomly (stuck).
  2951 | D:3      | 2951 ||| Stepping randomly (stuck).
  2952 | D:3      | 2952 ||| Stepping randomly (stuck).
  2953 | D:3      | 2953 ||| Stepping randomly (stuck).
  2955 | D:3      | 2955 ||| Stepping randomly (stuck).
  2956 | D:3      | 2956 ||| Stepping randomly (stuck).
  2957 | D:3      | 2957 ||| Stepping randomly (stuck).
  2959 | D:3      | 2959 ||| Stepping randomly (stuck).
  2960 | D:3      | 2960 ||| Stepping randomly (stuck).
  2961 | D:3      | 2961 ||| Stepping randomly (stuck).
  2962 | D:3      | 2962 ||| Stepping randomly (stuck).
  2963 | D:3      | 2963 ||| Stepping randomly (stuck).
  2965 | D:3      | 2965 ||| Stepping randomly (stuck).
  2967 | D:3      | 2967 ||| Stepping randomly (stuck).
  2968 | D:3      | 2968 ||| Stepping randomly (stuck).
  2969 | D:3      | 2969 ||| Stepping randomly (stuck).
  2970 | D:3      | 2970 ||| Stepping randomly (stuck).
  2971 | D:3      | 2971 ||| Stepping randomly (stuck).
  2972 | D:3      | 2972 ||| Stepping randomly (stuck).
  2974 | D:3      | 2974 ||| Stepping randomly (stuck).
  2976 | D:3      | 2976 ||| Stepping randomly (stuck).
  2977 | D:3      | 2977 ||| Stepping randomly (stuck).
  2978 | D:3      | 2978 ||| Stepping randomly (stuck).
  2980 | D:3      | 2980 ||| Stepping randomly (stuck).
  2982 | D:3      | 2982 ||| Stepping randomly (stuck).
  2983 | D:3      | 2983 ||| Stepping randomly (stuck).
  2984 | D:3      | 2984 ||| Stepping randomly (stuck).
  2985 | D:3      | 2985 ||| Stepping randomly (stuck).
  2987 | D:3      | 2987 ||| Stepping randomly (stuck).
  2988 | D:3      | 2988 ||| Stepping randomly (stuck).
  2989 | D:3      | 2989 ||| Stepping randomly (stuck).
  2990 | D:3      | 2990 ||| Stepping randomly (stuck).
  2991 | D:3      | 2991 ||| Stepping randomly (stuck).
  2992 | D:3      | 2992 ||| Stepping randomly (stuck).
  2993 | D:3      | 2993 ||| Stepping randomly (stuck).
  2994 | D:3      | 2994 ||| Stepping randomly (stuck).
  2995 | D:3      | 2995 ||| Stepping randomly (stuck).
  2996 | D:3      | 2996 ||| Stepping randomly (stuck).
  2997 | D:3      | 2997 ||| Stepping randomly (stuck).
  2999 | D:3      | 2999 ||| Stepping randomly (stuck).
  3000 | D:3      | 3000 ||| Stepping randomly (stuck).
  3001 | D:3      | 3001 ||| Stepping randomly (stuck).
  3002 | D:3      | 3002 ||| Stepping randomly (stuck).
  3004 | D:3      | 3004 ||| Stepping randomly (stuck).
  3006 | D:3      | 3006 ||| Stepping randomly (stuck).
  3007 | D:3      | 3007 ||| Stepping randomly (stuck).
  3008 | D:3      | 3008 ||| Stepping randomly (stuck).
  3009 | D:3      | 3009 ||| Stepping randomly (stuck).
  3010 | D:3      | 3010 ||| Stepping randomly (stuck).
  3011 | D:3      | 3011 ||| Stepping randomly (stuck).
  3012 | D:3      | 3012 ||| Stepping randomly (stuck).
  3013 | D:3      | 3013 ||| Stepping randomly (stuck).
  3014 | D:3      | 3014 ||| Stepping randomly (stuck).
  3015 | D:3      | 3015 ||| Stepping randomly (stuck).
  3016 | D:3      | 3016 ||| Stepping randomly (stuck).
  3017 | D:3      | 3017 ||| Stepping randomly (stuck).
  3018 | D:3      | 3018 ||| Stepping randomly (stuck).
  3021 | D:3      | 3021 ||| Stepping randomly (stuck).
  3023 | D:3      | 3023 ||| Stepping randomly (stuck).
  3024 | D:3      | 3024 ||| Stepping randomly (stuck).
  3026 | D:3      | 3026 ||| Stepping randomly (stuck).
  3028 | D:3      | 3028 ||| Stepping randomly (stuck).
  3030 | D:3      | 3030 ||| Stepping randomly (stuck).
  3031 | D:3      | 3031 ||| Stepping randomly (stuck).
  3032 | D:3      | 3032 ||| Stepping randomly (stuck).
  3033 | D:3      | 3033 ||| Stepping randomly (stuck).
  3034 | D:3      | 3034 ||| Stepping randomly (stuck).
  3035 | D:3      | 3035 ||| Stepping randomly (stuck).
  3036 | D:3      | 3036 ||| Stepping randomly (stuck).
  3038 | D:3      | 3038 ||| Stepping randomly (stuck).
  3040 | D:3      | 3040 ||| Stepping randomly (stuck).
  3041 | D:3      | 3041 ||| Stepping randomly (stuck).
  3042 | D:3      | 3042 ||| Stepping randomly (stuck).
  3043 | D:3      | 3043 ||| Stepping randomly (stuck).
  3044 | D:3      | 3044 ||| Stepping randomly (stuck).
  3046 | D:3      | 3046 ||| Stepping randomly (stuck).
  3047 | D:3      | 3047 ||| Stepping randomly (stuck).
  3048 | D:3      | 3048 ||| Stepping randomly (stuck).
  3050 | D:3      | 3050 ||| Stepping randomly (stuck).
  3051 | D:3      | 3051 ||| Stepping randomly (stuck).
  3052 | D:3      | 3052 ||| Stepping randomly (stuck).
  3054 | D:3      | 3054 ||| Stepping randomly (stuck).
  3055 | D:3      | 3055 ||| Stepping randomly (stuck).
  3056 | D:3      | 3056 ||| Stepping randomly (stuck).
  3057 | D:3      | 3057 ||| Stepping randomly (stuck).
  3058 | D:3      | 3058 ||| Stepping randomly (stuck).
  3060 | D:3      | 3060 ||| Stepping randomly (stuck).
  3061 | D:3      | 3061 ||| Stepping randomly (stuck).
  3062 | D:3      | 3062 ||| Stepping randomly (stuck).
  3063 | D:3      | 3063 ||| Stepping randomly (stuck).
  3065 | D:3      | 3065 ||| Stepping randomly (stuck).
  3066 | D:3      | 3066 ||| Stepping randomly (stuck).
  3067 | D:3      | 3067 ||| Stepping randomly (stuck).
  3068 | D:3      | 3068 ||| Stepping randomly (stuck).
  3069 | D:3      | 3069 ||| Stepping randomly (stuck).
  3070 | D:3      | 3070 ||| Stepping randomly (stuck).
  3071 | D:3      | 3071 ||| Stepping randomly (stuck).
  3073 | D:3      | 3073 ||| Stepping randomly (stuck).
  3074 | D:3      | 3074 ||| Stepping randomly (stuck).
  3075 | D:3      | 3075 ||| Stepping randomly (stuck).
  3076 | D:3      | 3076 ||| Stepping randomly (stuck).
  3077 | D:3      | 3077 ||| Stepping randomly (stuck).
  3079 | D:3      | 3079 ||| Stepping randomly (stuck).
  3080 | D:3      | 3080 ||| Stepping randomly (stuck).
  3081 | D:3      | 3081 ||| Stepping randomly (stuck).
  3083 | D:3      | 3083 ||| Stepping randomly (stuck).
  3084 | D:3      | 3084 ||| Stepping randomly (stuck).
  3085 | D:3      | 3085 ||| Stepping randomly (stuck).
  3086 | D:3      | 3086 ||| Stepping randomly (stuck).
  3087 | D:3      | 3087 ||| Stepping randomly (stuck).
  3088 | D:3      | 3088 ||| Stepping randomly (stuck).
  3089 | D:3      | 3089 ||| Stepping randomly (stuck).
  3090 | D:3      | 3090 ||| Stepping randomly (stuck).
  3092 | D:3      | 3092 ||| Stepping randomly (stuck).
  3094 | D:3      | 3094 ||| Stepping randomly (stuck).
  3095 | D:3      | 3095 ||| Stepping randomly (stuck).
  3096 | D:3      | 3096 ||| Stepping randomly (stuck).
  3097 | D:3      | 3097 ||| Stepping randomly (stuck).
  3098 | D:3      | 3098 ||| Stepping randomly (stuck).
  3099 | D:3      | 3099 ||| Stepping randomly (stuck).
  3100 | D:3      | 3100 ||| Stepping randomly (stuck).
  3101 | D:3      | 3101 ||| Stepping randomly (stuck).
  3102 | D:3      | 3102 ||| Stepping randomly (stuck).
  3103 | D:3      | 3103 ||| Stepping randomly (stuck).
  3104 | D:3      | 3104 ||| Stepping randomly (stuck).
  3105 | D:3      | 3105 ||| Stepping randomly (stuck).
  3106 | D:3      | 3106 ||| Stepping randomly (stuck).
  3107 | D:3      | 3107 ||| Stepping randomly (stuck).
  3108 | D:3      | 3108 ||| Stepping randomly (stuck).
  3109 | D:3      | 3109 ||| Stepping randomly (stuck).
  3110 | D:3      | 3110 ||| Stepping randomly (stuck).
  3112 | D:3      | 3112 ||| Stepping randomly (stuck).
  3114 | D:3      | 3114 ||| Stepping randomly (stuck).
  3115 | D:3      | 3115 ||| Stepping randomly (stuck).
  3116 | D:3      | 3116 ||| Stepping randomly (stuck).
  3117 | D:3      | 3117 ||| Stepping randomly (stuck).
  3118 | D:3      | 3118 ||| Stepping randomly (stuck).
  3119 | D:3      | 3119 ||| Stepping randomly (stuck).
  3120 | D:3      | 3120 ||| Stepping randomly (stuck).
  3121 | D:3      | 3121 ||| Stepping randomly (stuck).
  3122 | D:3      | 3122 ||| Stepping randomly (stuck).
  3123 | D:3      | 3123 ||| Stepping randomly (stuck).
  3124 | D:3      | 3124 ||| Stepping randomly (stuck).
  3126 | D:3      | 3126 ||| Stepping randomly (stuck).
  3128 | D:3      | 3128 ||| Stepping randomly (stuck).
  3130 | D:3      | 3130 ||| Stepping randomly (stuck).
  3132 | D:3      | 3132 ||| Stepping randomly (stuck).
  3133 | D:3      | 3133 ||| Stepping randomly (stuck).
  3134 | D:3      | 3134 ||| Stepping randomly (stuck).
  3135 | D:3      | 3135 ||| Stepping randomly (stuck).
  3137 | D:3      | 3137 ||| Stepping randomly (stuck).
  3138 | D:3      | 3138 ||| Stepping randomly (stuck).
  3139 | D:3      | 3139 ||| Stepping randomly (stuck).
  3140 | D:3      | 3140 ||| Stepping randomly (stuck).
  3141 | D:3      | 3141 ||| Stepping randomly (stuck).
  3142 | D:3      | 3142 ||| Stepping randomly (stuck).
  3143 | D:3      | 3143 ||| Stepping randomly (stuck).
  3144 | D:3      | 3144 ||| Stepping randomly (stuck).
  3145 | D:3      | 3145 ||| Stepping randomly (stuck).
  3147 | D:3      | 3147 ||| Stepping randomly (stuck).
  3149 | D:3      | 3149 ||| Stepping randomly (stuck).
  3150 | D:3      | 3150 ||| Stepping randomly (stuck).
  3151 | D:3      | 3151 ||| Stepping randomly (stuck).
  3152 | D:3      | 3152 ||| Stepping randomly (stuck).
  3153 | D:3      | 3153 ||| Stepping randomly (stuck).
  3154 | D:3      | 3154 ||| Stepping randomly (stuck).
  3155 | D:3      | 3155 ||| Stepping randomly (stuck).
  3157 | D:3      | 3157 ||| Stepping randomly (stuck).
  3158 | D:3      | 3158 ||| Stepping randomly (stuck).
  3159 | D:3      | 3159 ||| Stepping randomly (stuck).
  3160 | D:3      | 3160 ||| Stepping randomly (stuck).
  3161 | D:3      | 3161 ||| Stepping randomly (stuck).
  3163 | D:3      | 3163 ||| Stepping randomly (stuck).
  3164 | D:3      | 3164 ||| Stepping randomly (stuck).
  3165 | D:3      | 3165 ||| Stepping randomly (stuck).
  3167 | D:3      | 3167 ||| Stepping randomly (stuck).
  3169 | D:3      | 3169 ||| Stepping randomly (stuck).
  3170 | D:3      | 3170 ||| Stepping randomly (stuck).
  3171 | D:3      | 3171 ||| Stepping randomly (stuck).
  3173 | D:3      | 3173 ||| Stepping randomly (stuck).
  3174 | D:3      | 3174 ||| Stepping randomly (stuck).
  3175 | D:3      | 3175 ||| Stepping randomly (stuck).
  3177 | D:3      | 3177 ||| Stepping randomly (stuck).
  3178 | D:3      | 3178 ||| Stepping randomly (stuck).
  3180 | D:3      | 3180 ||| Stepping randomly (stuck).
  3181 | D:3      | 3181 ||| Stepping randomly (stuck).
  3183 | D:3      | 3183 ||| Stepping randomly (stuck).
  3185 | D:3      | 3185 ||| Stepping randomly (stuck).
  3186 | D:3      | 3186 ||| Stepping randomly (stuck).
  3187 | D:3      | 3187 ||| Stepping randomly (stuck).
  3189 | D:3      | 3189 ||| Stepping randomly (stuck).
  3190 | D:3      | 3190 ||| Stepping randomly (stuck).
  3191 | D:3      | 3191 ||| Stepping randomly (stuck).
  3192 | D:3      | 3192 ||| Stepping randomly (stuck).
  3193 | D:3      | 3193 ||| Stepping randomly (stuck).
  3195 | D:3      | 3195 ||| Stepping randomly (stuck).
  3196 | D:3      | 3196 ||| Stepping randomly (stuck).
  3197 | D:3      | 3197 ||| Stepping randomly (stuck).
  3199 | D:3      | 3199 ||| Stepping randomly (stuck).
  3200 | D:3      | 3200 ||| Stepping randomly (stuck).
  3201 | D:3      | 3201 ||| Stepping randomly (stuck).
  3203 | D:3      | 3203 ||| Stepping randomly (stuck).
  3205 | D:3      | 3205 ||| Stepping randomly (stuck).
  3206 | D:3      | 3206 ||| Stepping randomly (stuck).
  3208 | D:3      | 3208 ||| Stepping randomly (stuck).
  3209 | D:3      | 3209 ||| Stepping randomly (stuck).
  3210 | D:3      | 3210 ||| Stepping randomly (stuck).
  3212 | D:3      | 3212 ||| Stepping randomly (stuck).
  3213 | D:3      | 3213 ||| Stepping randomly (stuck).
  3214 | D:3      | 3214 ||| Stepping randomly (stuck).
  3216 | D:3      | 3216 ||| Stepping randomly (stuck).
  3217 | D:3      | 3217 ||| Stepping randomly (stuck).
  3218 | D:3      | 3218 ||| Stepping randomly (stuck).
  3219 | D:3      | 3219 ||| Stepping randomly (stuck).
  3220 | D:3      | 3220 ||| Stepping randomly (stuck).
  3221 | D:3      | 3221 ||| Stepping randomly (stuck).
  3222 | D:3      | 3222 ||| Stepping randomly (stuck).
  3223 | D:3      | 3223 ||| Stepping randomly (stuck).
  3225 | D:3      | 3225 ||| Stepping randomly (stuck).
  3226 | D:3      | 3226 ||| Stepping randomly (stuck).
  3227 | D:3      | 3227 ||| Stepping randomly (stuck).
  3228 | D:3      | 3228 ||| Stepping randomly (stuck).
  3230 | D:3      | 3230 ||| Stepping randomly (stuck).
  3232 | D:3      | 3232 ||| Stepping randomly (stuck).
  3233 | D:3      | 3233 ||| Stepping randomly (stuck).
  3234 | D:3      | 3234 ||| Stepping randomly (stuck).
  3236 | D:3      | 3236 ||| Stepping randomly (stuck).
  3237 | D:3      | 3237 ||| Stepping randomly (stuck).
  3238 | D:3      | 3238 ||| Stepping randomly (stuck).
  3239 | D:3      | 3239 ||| Stepping randomly (stuck).
  3240 | D:3      | 3240 ||| Stepping randomly (stuck).
  3241 | D:3      | 3241 ||| Stepping randomly (stuck).
  3242 | D:3      | 3242 ||| Stepping randomly (stuck).
  3243 | D:3      | 3243 ||| Stepping randomly (stuck).
  3244 | D:3      | 3244 ||| Stepping randomly (stuck).
  3245 | D:3      | 3245 ||| Stepping randomly (stuck).
  3246 | D:3      | 3246 ||| Stepping randomly (stuck).
  3247 | D:3      | 3247 ||| Stepping randomly (stuck).
  3248 | D:3      | 3248 ||| Stepping randomly (stuck).
  3250 | D:3      | 3250 ||| Stepping randomly (stuck).
  3252 | D:3      | 3252 ||| Stepping randomly (stuck).
  3253 | D:3      | 3253 ||| Stepping randomly (stuck).
  3254 | D:3      | 3254 ||| Stepping randomly (stuck).
  3256 | D:3      | 3256 ||| Stepping randomly (stuck).
  3258 | D:3      | 3258 ||| Stepping randomly (stuck).
  3260 | D:3      | 3260 ||| Stepping randomly (stuck).
  3261 | D:3      | 3261 ||| Stepping randomly (stuck).
  3262 | D:3      | 3262 ||| Stepping randomly (stuck).
  3263 | D:3      | 3263 ||| Stepping randomly (stuck).
  3264 | D:3      | 3264 ||| Stepping randomly (stuck).
  3265 | D:3      | 3265 ||| Stepping randomly (stuck).
  3266 | D:3      | 3266 ||| Stepping randomly (stuck).
  3267 | D:3      | 3267 ||| Stepping randomly (stuck).
  3269 | D:3      | 3269 ||| Stepping randomly (stuck).
  3271 | D:3      | 3271 ||| Stepping randomly (stuck).
  3273 | D:3      | 3273 ||| Stepping randomly (stuck).
  3275 | D:3      | 3275 ||| Stepping randomly (stuck).
  3277 | D:3      | 3277 ||| Stepping randomly (stuck).
  3278 | D:3      | 3278 ||| Stepping randomly (stuck).
  3279 | D:3      | 3279 ||| Stepping randomly (stuck).
  3280 | D:3      | 3280 ||| Stepping randomly (stuck).
  3282 | D:3      | 3282 ||| Stepping randomly (stuck).
  3284 | D:3      | 3284 ||| Stepping randomly (stuck).
  3286 | D:3      | 3286 ||| Stepping randomly (stuck).
  3287 | D:3      | 3287 ||| Stepping randomly (stuck).
  3288 | D:3      | 3288 ||| Stepping randomly (stuck).
  3289 | D:3      | 3289 ||| Stepping randomly (stuck).
  3291 | D:3      | 3291 ||| Stepping randomly (stuck).
  3292 | D:3      | 3292 ||| Stepping randomly (stuck).
  3293 | D:3      | 3293 ||| Stepping randomly (stuck).
  3294 | D:3      | 3294 ||| Stepping randomly (stuck).
  3295 | D:3      | 3295 ||| Stepping randomly (stuck).
  3296 | D:3      | 3296 ||| Stepping randomly (stuck).
  3297 | D:3      | 3297 ||| Stepping randomly (stuck).
  3298 | D:3      | 3298 ||| Stepping randomly (stuck).
  3299 | D:3      | 3299 ||| Stepping randomly (stuck).
  3300 | D:3      | 3300 ||| Stepping randomly (stuck).
  3301 | D:3      | 3301 ||| Stepping randomly (stuck).
  3303 | D:3      | 3303 ||| Stepping randomly (stuck).
  3304 | D:3      | 3304 ||| Stepping randomly (stuck).
  3305 | D:3      | 3305 ||| Stepping randomly (stuck).
  3306 | D:3      | 3306 ||| Stepping randomly (stuck).
  3307 | D:3      | 3307 ||| Stepping randomly (stuck).
  3309 | D:3      | 3309 ||| Stepping randomly (stuck).
  3311 | D:3      | 3311 ||| Stepping randomly (stuck).
  3312 | D:3      | 3312 ||| Stepping randomly (stuck).
  3314 | D:3      | 3314 ||| Stepping randomly (stuck).
  3316 | D:3      | 3316 ||| Stepping randomly (stuck).
  3318 | D:3      | 3318 ||| Stepping randomly (stuck).
  3319 | D:3      | 3319 ||| Stepping randomly (stuck).
  3320 | D:3      | 3320 ||| Stepping randomly (stuck).
  3322 | D:3      | 3322 ||| Stepping randomly (stuck).
  3324 | D:3      | 3324 ||| Stepping randomly (stuck).
  3325 | D:3      | 3325 ||| Stepping randomly (stuck).
  3326 | D:3      | 3326 ||| Stepping randomly (stuck).
  3327 | D:3      | 3327 ||| Stepping randomly (stuck).
  3329 | D:3      | 3329 ||| Stepping randomly (stuck).
  3331 | D:3      | 3331 ||| Stepping randomly (stuck).
  3333 | D:3      | 3333 ||| Stepping randomly (stuck).
  3335 | D:3      | 3335 ||| Stepping randomly (stuck).
  3336 | D:3      | 3336 ||| Stepping randomly (stuck).
  3337 | D:3      | 3337 ||| Stepping randomly (stuck).
  3338 | D:3      | 3338 ||| Stepping randomly (stuck).
  3340 | D:3      | 3340 ||| Stepping randomly (stuck).
  3341 | D:3      | 3341 ||| Stepping randomly (stuck).
  3343 | D:3      | 3343 ||| Stepping randomly (stuck).
  3345 | D:3      | 3345 ||| Stepping randomly (stuck).
  3347 | D:3      | 3347 ||| Stepping randomly (stuck).
  3348 | D:3      | 3348 ||| Stepping randomly (stuck).
  3349 | D:3      | 3349 ||| Stepping randomly (stuck).
  3351 | D:3      | 3351 ||| Stepping randomly (stuck).
  3352 | D:3      | 3352 ||| Stepping randomly (stuck).
  3354 | D:3      | 3354 ||| Stepping randomly (stuck).
  3356 | D:3      | 3356 ||| Stepping randomly (stuck).
  3357 | D:3      | 3357 ||| Stepping randomly (stuck).
  3358 | D:3      | 3358 ||| Stepping randomly (stuck).
  3359 | D:3      | 3359 ||| Stepping randomly (stuck).
  3360 | D:3      | 3360 ||| Stepping randomly (stuck).
  3361 | D:3      | 3361 ||| Stepping randomly (stuck).
  3363 | D:3      | 3363 ||| Stepping randomly (stuck).
  3364 | D:3      | 3364 ||| Stepping randomly (stuck).
  3365 | D:3      | 3365 ||| Stepping randomly (stuck).
  3367 | D:3      | 3367 ||| Stepping randomly (stuck).
  3369 | D:3      | 3369 ||| Stepping randomly (stuck).
  3370 | D:3      | 3370 ||| Stepping randomly (stuck).
  3371 | D:3      | 3371 ||| Stepping randomly (stuck).
  3372 | D:3      | 3372 ||| Stepping randomly (stuck).
  3373 | D:3      | 3373 ||| Stepping randomly (stuck).
  3375 | D:3      | 3375 ||| Stepping randomly (stuck).
  3377 | D:3      | 3377 ||| Stepping randomly (stuck).
  3378 | D:3      | 3378 ||| Stepping randomly (stuck).
  3379 | D:3      | 3379 ||| Stepping randomly (stuck).
  3381 | D:3      | 3381 ||| Stepping randomly (stuck).
  3383 | D:3      | 3383 ||| Stepping randomly (stuck).
  3384 | D:3      | 3384 ||| Stepping randomly (stuck).
  3385 | D:3      | 3385 ||| Stepping randomly (stuck).
  3387 | D:3      | 3387 ||| Stepping randomly (stuck).
  3388 | D:3      | 3388 ||| Stepping randomly (stuck).
  3390 | D:3      | 3390 ||| Stepping randomly (stuck).
  3392 | D:3      | 3392 ||| Stepping randomly (stuck).
  3394 | D:3      | 3394 ||| Stepping randomly (stuck).
  3395 | D:3      | 3395 ||| Stepping randomly (stuck).
  3396 | D:3      | 3396 ||| Stepping randomly (stuck).
  3397 | D:3      | 3397 ||| Stepping randomly (stuck).
  3398 | D:3      | 3398 ||| Stepping randomly (stuck).
  3399 | D:3      | 3399 ||| Stepping randomly (stuck).
  3400 | D:3      | 3400 ||| Stepping randomly (stuck).
  3401 | D:3      | 3401 ||| Stepping randomly (stuck).
  3402 | D:3      | 3402 ||| Stepping randomly (stuck).
  3403 | D:3      | 3403 ||| Stepping randomly (stuck).
  3405 | D:3      | 3405 ||| Stepping randomly (stuck).
  3407 | D:3      | 3407 ||| Stepping randomly (stuck).
  3409 | D:3      | 3409 ||| Stepping randomly (stuck).
  3411 | D:3      | 3411 ||| Stepping randomly (stuck).
  3412 | D:3      | 3412 ||| Stepping randomly (stuck).
  3413 | D:3      | 3413 ||| Stepping randomly (stuck).
  3414 | D:3      | 3414 ||| Stepping randomly (stuck).
  3415 | D:3      | 3415 ||| Stepping randomly (stuck).
  3416 | D:3      | 3416 ||| Stepping randomly (stuck).
  3418 | D:3      | 3418 ||| Stepping randomly (stuck).
  3420 | D:3      | 3420 ||| Stepping randomly (stuck).
  3421 | D:3      | 3421 ||| Stepping randomly (stuck).
  3422 | D:3      | 3422 ||| Stepping randomly (stuck).
  3424 | D:3      | 3424 ||| Stepping randomly (stuck).
  3425 | D:3      | 3425 ||| Stepping randomly (stuck).
  3426 | D:3      | 3426 ||| Stepping randomly (stuck).
  3427 | D:3      | 3427 ||| Stepping randomly (stuck).
  3428 | D:3      | 3428 ||| Stepping randomly (stuck).
  3429 | D:3      | 3429 ||| Stepping randomly (stuck).
  3430 | D:3      | 3430 ||| Stepping randomly (stuck).
  3432 | D:3      | 3432 ||| Stepping randomly (stuck).
  3433 | D:3      | 3433 ||| Stepping randomly (stuck).
  3434 | D:3      | 3434 ||| Stepping randomly (stuck).
  3435 | D:3      | 3435 ||| Stepping randomly (stuck).
  3436 | D:3      | 3436 ||| Stepping randomly (stuck).
  3437 | D:3      | 3437 ||| Stepping randomly (stuck).
  3439 | D:3      | 3439 ||| Stepping randomly (stuck).
  3440 | D:3      | 3440 ||| Stepping randomly (stuck).
  3441 | D:3      | 3441 ||| Stepping randomly (stuck).
  3442 | D:3      | 3442 ||| Stepping randomly (stuck).
  3443 | D:3      | 3443 ||| Stepping randomly (stuck).
  3445 | D:3      | 3445 ||| Stepping randomly (stuck).
  3446 | D:3      | 3446 ||| Stepping randomly (stuck).
  3447 | D:3      | 3447 ||| Stepping randomly (stuck).
  3448 | D:3      | 3448 ||| Stepping randomly (stuck).
  3449 | D:3      | 3449 ||| Stepping randomly (stuck).
  3451 | D:3      | 3451 ||| Stepping randomly (stuck).
  3452 | D:3      | 3452 ||| Stepping randomly (stuck).
  3455 | D:3      | 3455 ||| Stepping randomly (stuck).
  3456 | D:3      | 3456 ||| Stepping randomly (stuck).
  3458 | D:3      | 3458 ||| Stepping randomly (stuck).
  3460 | D:3      | 3460 ||| Stepping randomly (stuck).
  3461 | D:3      | 3461 ||| Stepping randomly (stuck).
  3462 | D:3      | 3462 ||| Stepping randomly (stuck).
  3463 | D:3      | 3463 ||| Stepping randomly (stuck).
  3464 | D:3      | 3464 ||| Stepping randomly (stuck).
  3465 | D:3      | 3465 ||| Stepping randomly (stuck).
  3466 | D:3      | 3466 ||| Stepping randomly (stuck).
  3467 | D:3      | 3467 ||| Stepping randomly (stuck).
  3468 | D:3      | 3468 ||| Stepping randomly (stuck).
  3469 | D:3      | 3469 ||| Stepping randomly (stuck).
  3470 | D:3      | 3470 ||| Stepping randomly (stuck).
  3471 | D:3      | 3471 ||| Stepping randomly (stuck).
  3473 | D:3      | 3473 ||| Stepping randomly (stuck).
  3475 | D:3      | 3475 ||| Stepping randomly (stuck).
  3477 | D:3      | 3477 ||| Stepping randomly (stuck).
  3478 | D:3      | 3478 ||| Stepping randomly (stuck).
  3479 | D:3      | 3479 ||| Stepping randomly (stuck).
  3481 | D:3      | 3481 ||| Stepping randomly (stuck).
  3483 | D:3      | 3483 ||| Stepping randomly (stuck).
  3485 | D:3      | 3485 ||| Stepping randomly (stuck).
  3486 | D:3      | 3486 ||| Stepping randomly (stuck).
  3488 | D:3      | 3488 ||| Stepping randomly (stuck).
  3490 | D:3      | 3490 ||| Stepping randomly (stuck).
  3491 | D:3      | 3491 ||| Stepping randomly (stuck).
  3492 | D:3      | 3492 ||| Stepping randomly (stuck).
  3494 | D:3      | 3494 ||| Stepping randomly (stuck).
  3495 | D:3      | 3495 ||| Stepping randomly (stuck).
  3496 | D:3      | 3496 ||| Stepping randomly (stuck).
  3497 | D:3      | 3497 ||| Stepping randomly (stuck).
  3499 | D:3      | 3499 ||| Stepping randomly (stuck).
  3500 | D:3      | 3500 ||| Stepping randomly (stuck).
  3501 | D:3      | 3501 ||| Stepping randomly (stuck).
  3502 | D:3      | 3502 ||| Stepping randomly (stuck).
  3504 | D:3      | 3504 ||| Stepping randomly (stuck).
  3505 | D:3      | 3505 ||| Stepping randomly (stuck).
  3506 | D:3      | 3506 ||| Stepping randomly (stuck).
  3508 | D:3      | 3508 ||| Stepping randomly (stuck).
  3510 | D:3      | 3510 ||| Stepping randomly (stuck).
  3512 | D:3      | 3512 ||| Stepping randomly (stuck).
  3513 | D:3      | 3513 ||| Stepping randomly (stuck).
  3514 | D:3      | 3514 ||| Stepping randomly (stuck).
  3515 | D:3      | 3515 ||| Stepping randomly (stuck).
  3516 | D:3      | 3516 ||| Stepping randomly (stuck).
  3517 | D:3      | 3517 ||| Stepping randomly (stuck).
  3519 | D:3      | 3519 ||| Stepping randomly (stuck).
  3520 | D:3      | 3520 ||| Stepping randomly (stuck).
  3521 | D:3      | 3521 ||| Stepping randomly (stuck).
  3523 | D:3      | 3523 ||| Stepping randomly (stuck).
  3524 | D:3      | 3524 ||| Stepping randomly (stuck).
  3525 | D:3      | 3525 ||| Stepping randomly (stuck).
  3526 | D:3      | 3526 ||| Stepping randomly (stuck).
  3527 | D:3      | 3527 ||| Stepping randomly (stuck).
  3529 | D:3      | 3529 ||| Stepping randomly (stuck).
  3531 | D:3      | 3531 ||| Stepping randomly (stuck).
  3533 | D:3      | 3533 ||| Stepping randomly (stuck).
  3535 | D:3      | 3535 ||| Stepping randomly (stuck).
  3536 | D:3      | 3536 ||| Stepping randomly (stuck).
  3537 | D:3      | 3537 ||| Stepping randomly (stuck).
  3538 | D:3      | 3538 ||| Stepping randomly (stuck).
  3539 | D:3      | 3539 ||| Stepping randomly (stuck).
  3540 | D:3      | 3540 ||| Stepping randomly (stuck).
  3542 | D:3      | 3542 ||| Stepping randomly (stuck).
  3543 | D:3      | 3543 ||| Stepping randomly (stuck).
  3544 | D:3      | 3544 ||| Stepping randomly (stuck).
  3545 | D:3      | 3545 ||| Stepping randomly (stuck).
  3546 | D:3      | 3546 ||| Stepping randomly (stuck).
  3547 | D:3      | 3547 ||| Stepping randomly (stuck).
  3548 | D:3      | 3548 ||| Stepping randomly (stuck).
  3549 | D:3      | 3549 ||| Stepping randomly (stuck).
  3550 | D:3      | 3550 ||| Stepping randomly (stuck).
  3551 | D:3      | 3551 ||| Stepping randomly (stuck).
  3552 | D:3      | 3552 ||| Stepping randomly (stuck).
  3553 | D:3      | 3553 ||| Stepping randomly (stuck).
  3554 | D:3      | 3554 ||| Stepping randomly (stuck).
  3555 | D:3      | 3555 ||| Stepping randomly (stuck).
  3557 | D:3      | 3557 ||| Stepping randomly (stuck).
  3558 | D:3      | 3558 ||| Stepping randomly (stuck).
  3560 | D:3      | 3560 ||| Stepping randomly (stuck).
  3562 | D:3      | 3562 ||| Stepping randomly (stuck).
  3563 | D:3      | 3563 ||| Stepping randomly (stuck).
  3564 | D:3      | 3564 ||| Stepping randomly (stuck).
  3565 | D:3      | 3565 ||| Stepping randomly (stuck).
  3566 | D:3      | 3566 ||| Stepping randomly (stuck).
  3567 | D:3      | 3567 ||| Stepping randomly (stuck).
  3569 | D:3      | 3569 ||| Stepping randomly (stuck).
  3571 | D:3      | 3571 ||| Stepping randomly (stuck).
  3573 | D:3      | 3573 ||| Stepping randomly (stuck).
  3575 | D:3      | 3575 ||| Stepping randomly (stuck).
  3576 | D:3      | 3576 ||| Stepping randomly (stuck).
  3577 | D:3      | 3577 ||| Stepping randomly (stuck).
  3578 | D:3      | 3578 ||| Stepping randomly (stuck).
  3580 | D:3      | 3580 ||| Stepping randomly (stuck).
  3581 | D:3      | 3581 ||| Stepping randomly (stuck).
  3583 | D:3      | 3583 ||| Stepping randomly (stuck).
  3585 | D:3      | 3585 ||| Stepping randomly (stuck).
  3587 | D:3      | 3587 ||| Stepping randomly (stuck).
  3588 | D:3      | 3588 ||| Stepping randomly (stuck).
  3589 | D:3      | 3589 ||| Stepping randomly (stuck).
  3590 | D:3      | 3590 ||| Stepping randomly (stuck).
  3591 | D:3      | 3591 ||| Stepping randomly (stuck).
  3593 | D:3      | 3593 ||| Stepping randomly (stuck).
  3595 | D:3      | 3595 ||| Stepping randomly (stuck).
  3596 | D:3      | 3596 ||| Stepping randomly (stuck).
  3597 | D:3      | 3597 ||| Stepping randomly (stuck).
  3598 | D:3      | 3598 ||| Stepping randomly (stuck).
  3599 | D:3      | 3599 ||| Stepping randomly (stuck).
  3600 | D:3      | 3600 ||| Stepping randomly (stuck).
  3601 | D:3      | 3601 ||| Stepping randomly (stuck).
  3602 | D:3      | 3602 ||| Stepping randomly (stuck).
  3604 | D:3      | 3604 ||| Stepping randomly (stuck).
  3606 | D:3      | 3606 ||| Stepping randomly (stuck).
  3607 | D:3      | 3607 ||| Stepping randomly (stuck).
  3608 | D:3      | 3608 ||| Stepping randomly (stuck).
  3609 | D:3      | 3609 ||| Stepping randomly (stuck).
  3611 | D:3      | 3611 ||| Stepping randomly (stuck).
  3612 | D:3      | 3612 ||| Stepping randomly (stuck).
  3614 | D:3      | 3614 ||| Stepping randomly (stuck).
  3615 | D:3      | 3615 ||| Stepping randomly (stuck).
  3616 | D:3      | 3616 ||| Stepping randomly (stuck).
  3617 | D:3      | 3617 ||| Stepping randomly (stuck).
  3618 | D:3      | 3618 ||| Stepping randomly (stuck).
  3620 | D:3      | 3620 ||| Stepping randomly (stuck).
  3622 | D:3      | 3622 ||| Stepping randomly (stuck).
  3623 | D:3      | 3623 ||| Stepping randomly (stuck).
  3624 | D:3      | 3624 ||| Stepping randomly (stuck).
  3625 | D:3      | 3625 ||| Stepping randomly (stuck).
  3626 | D:3      | 3626 ||| Stepping randomly (stuck).
  3628 | D:3      | 3628 ||| Stepping randomly (stuck).
  3630 | D:3      | 3630 ||| Stepping randomly (stuck).
  3631 | D:3      | 3631 ||| Stepping randomly (stuck).
  3633 | D:3      | 3633 ||| Stepping randomly (stuck).
  3634 | D:3      | 3634 ||| Stepping randomly (stuck).
  3635 | D:3      | 3635 ||| Stepping randomly (stuck).
  3636 | D:3      | 3636 ||| Stepping randomly (stuck).
  3638 | D:3      | 3638 ||| Stepping randomly (stuck).
  3639 | D:3      | 3639 ||| Stepping randomly (stuck).
  3640 | D:3      | 3640 ||| Stepping randomly (stuck).
  3641 | D:3      | 3641 ||| Stepping randomly (stuck).
  3643 | D:3      | 3643 ||| Stepping randomly (stuck).
  3645 | D:3      | 3645 ||| Stepping randomly (stuck).
  3646 | D:3      | 3646 ||| Stepping randomly (stuck).
  3647 | D:3      | 3647 ||| Stepping randomly (stuck).
  3648 | D:3      | 3648 ||| Stepping randomly (stuck).
  3650 | D:3      | 3650 ||| Stepping randomly (stuck).
  3652 | D:3      | 3652 ||| Stepping randomly (stuck).
  3653 | D:3      | 3653 ||| Stepping randomly (stuck).
  3655 | D:3      | 3655 ||| Stepping randomly (stuck).
  3656 | D:3      | 3656 ||| Stepping randomly (stuck).
  3658 | D:3      | 3658 ||| Stepping randomly (stuck).
  3659 | D:3      | 3659 ||| Stepping randomly (stuck).
  3661 | D:3      | 3661 ||| Stepping randomly (stuck).
  3662 | D:3      | 3662 ||| Stepping randomly (stuck).
  3663 | D:3      | 3663 ||| Stepping randomly (stuck).
  3664 | D:3      | 3664 ||| Stepping randomly (stuck).
  3665 | D:3      | 3665 ||| Stepping randomly (stuck).
  3667 | D:3      | 3667 ||| Stepping randomly (stuck).
  3668 | D:3      | 3668 ||| Stepping randomly (stuck).
  3670 | D:3      | 3670 ||| Stepping randomly (stuck).
  3671 | D:3      | 3671 ||| Stepping randomly (stuck).
  3673 | D:3      | 3673 ||| Stepping randomly (stuck).
  3674 | D:3      | 3674 ||| Stepping randomly (stuck).
  3675 | D:3      | 3675 ||| Stepping randomly (stuck).
  3676 | D:3      | 3676 ||| Stepping randomly (stuck).
  3677 | D:3      | 3677 ||| Stepping randomly (stuck).
  3678 | D:3      | 3678 ||| Stepping randomly (stuck).
  3679 | D:3      | 3679 ||| Stepping randomly (stuck).
  3681 | D:3      | 3681 ||| Stepping randomly (stuck).
  3683 | D:3      | 3683 ||| Stepping randomly (stuck).
  3684 | D:3      | 3684 ||| Stepping randomly (stuck).
  3685 | D:3      | 3685 ||| Stepping randomly (stuck).
  3687 | D:3      | 3687 ||| Stepping randomly (stuck).
  3689 | D:3      | 3689 ||| Stepping randomly (stuck).
  3690 | D:3      | 3690 ||| Stepping randomly (stuck).
  3691 | D:3      | 3691 ||| Stepping randomly (stuck).
  3693 | D:3      | 3693 ||| Stepping randomly (stuck).
  3694 | D:3      | 3694 ||| Stepping randomly (stuck).
  3695 | D:3      | 3695 ||| Stepping randomly (stuck).
  3696 | D:3      | 3696 ||| Stepping randomly (stuck).
  3697 | D:3      | 3697 ||| Stepping randomly (stuck).
  3698 | D:3      | 3698 ||| Stepping randomly (stuck).
  3699 | D:3      | 3699 ||| Stepping randomly (stuck).
  3700 | D:3      | 3700 ||| Stepping randomly (stuck).
  3702 | D:3      | 3702 ||| Stepping randomly (stuck).
  3703 | D:3      | 3703 ||| Stepping randomly (stuck).
  3704 | D:3      | 3704 ||| Stepping randomly (stuck).
  3705 | D:3      | 3705 ||| Stepping randomly (stuck).
  3707 | D:3      | 3707 ||| Stepping randomly (stuck).
  3709 | D:3      | 3709 ||| Stepping randomly (stuck).
  3710 | D:3      | 3710 ||| Stepping randomly (stuck).
  3711 | D:3      | 3711 ||| Stepping randomly (stuck).
  3713 | D:3      | 3713 ||| Stepping randomly (stuck).
  3714 | D:3      | 3714 ||| Stepping randomly (stuck).
  3715 | D:3      | 3715 ||| Stepping randomly (stuck).
  3716 | D:3      | 3716 ||| Stepping randomly (stuck).
  3717 | D:3      | 3717 ||| Stepping randomly (stuck).
  3718 | D:3      | 3718 ||| Stepping randomly (stuck).
  3720 | D:3      | 3720 ||| Stepping randomly (stuck).
  3721 | D:3      | 3721 ||| Stepping randomly (stuck).
  3722 | D:3      | 3722 ||| Stepping randomly (stuck).
  3724 | D:3      | 3724 ||| Stepping randomly (stuck).
  3725 | D:3      | 3725 ||| Stepping randomly (stuck).
  3726 | D:3      | 3726 ||| Stepping randomly (stuck).
  3727 | D:3      | 3727 ||| Stepping randomly (stuck).
  3728 | D:3      | 3728 ||| Stepping randomly (stuck).
  3729 | D:3      | 3729 ||| Stepping randomly (stuck).
  3730 | D:3      | 3730 ||| Stepping randomly (stuck).
  3731 | D:3      | 3731 ||| Stepping randomly (stuck).
  3732 | D:3      | 3732 ||| Stepping randomly (stuck).
  3733 | D:3      | 3733 ||| Stepping randomly (stuck).
  3734 | D:3      | 3734 ||| Stepping randomly (stuck).
  3735 | D:3      | 3735 ||| Stepping randomly (stuck).
  3736 | D:3      | 3736 ||| Stepping randomly (stuck).
  3738 | D:3      | 3738 ||| Stepping randomly (stuck).
  3740 | D:3      | 3740 ||| Stepping randomly (stuck).
  3741 | D:3      | 3741 ||| Stepping randomly (stuck).
  3742 | D:3      | 3742 ||| Stepping randomly (stuck).
  3743 | D:3      | 3743 ||| Stepping randomly (stuck).
  3744 | D:3      | 3744 ||| Stepping randomly (stuck).
  3745 | D:3      | 3745 ||| Stepping randomly (stuck).
  3746 | D:3      | 3746 ||| Stepping randomly (stuck).
  3747 | D:3      | 3747 ||| Stepping randomly (stuck).
  3748 | D:3      | 3748 ||| Stepping randomly (stuck).
  3750 | D:3      | 3750 ||| Stepping randomly (stuck).
  3752 | D:3      | 3752 ||| Stepping randomly (stuck).
  3754 | D:3      | 3754 ||| Stepping randomly (stuck).
  3755 | D:3      | 3755 ||| Stepping randomly (stuck).
  3756 | D:3      | 3756 ||| Stepping randomly (stuck).
  3757 | D:3      | 3757 ||| Stepping randomly (stuck).
  3758 | D:3      | 3758 ||| Stepping randomly (stuck).
  3759 | D:3      | 3759 ||| Stepping randomly (stuck).
  3760 | D:3      | 3760 ||| Stepping randomly (stuck).
  3762 | D:3      | 3762 ||| Stepping randomly (stuck).
  3763 | D:3      | 3763 ||| Stepping randomly (stuck).
  3764 | D:3      | 3764 ||| Stepping randomly (stuck).
  3766 | D:3      | 3766 ||| Stepping randomly (stuck).
  3767 | D:3      | 3767 ||| Stepping randomly (stuck).
  3768 | D:3      | 3768 ||| Stepping randomly (stuck).
  3769 | D:3      | 3769 ||| Stepping randomly (stuck).
  3771 | D:3      | 3771 ||| Stepping randomly (stuck).
  3772 | D:3      | 3772 ||| Stepping randomly (stuck).
  3773 | D:3      | 3773 ||| Stepping randomly (stuck).
  3774 | D:3      | 3774 ||| Stepping randomly (stuck).
  3775 | D:3      | 3775 ||| Stepping randomly (stuck).
  3776 | D:3      | 3776 ||| Stepping randomly (stuck).
  3777 | D:3      | 3777 ||| Stepping randomly (stuck).
  3778 | D:3      | 3778 ||| Stepping randomly (stuck).
  3780 | D:3      | 3780 ||| Stepping randomly (stuck).
  3781 | D:3      | 3781 ||| Stepping randomly (stuck).
  3783 | D:3      | 3783 ||| Stepping randomly (stuck).
  3784 | D:3      | 3784 ||| Stepping randomly (stuck).
  3785 | D:3      | 3785 ||| Stepping randomly (stuck).
  3786 | D:3      | 3786 ||| Stepping randomly (stuck).
  3787 | D:3      | 3787 ||| Stepping randomly (stuck).
  3788 | D:3      | 3788 ||| Stepping randomly (stuck).
  3789 | D:3      | 3789 ||| Stepping randomly (stuck).
  3790 | D:3      | 3790 ||| Stepping randomly (stuck).
  3791 | D:3      | 3791 ||| Stepping randomly (stuck).
  3792 | D:3      | 3792 ||| Stepping randomly (stuck).
  3793 | D:3      | 3793 ||| Stepping randomly (stuck).
  3794 | D:3      | 3794 ||| Stepping randomly (stuck).
  3795 | D:3      | 3795 ||| Stepping randomly (stuck).
  3796 | D:3      | 3796 ||| Stepping randomly (stuck).
  3797 | D:3      | 3797 ||| Stepping randomly (stuck).
  3799 | D:3      | 3799 ||| Stepping randomly (stuck).
  3801 | D:3      | 3801 ||| Stepping randomly (stuck).
  3803 | D:3      | 3803 ||| Stepping randomly (stuck).
  3805 | D:3      | 3805 ||| Stepping randomly (stuck).
  3806 | D:3      | 3806 ||| Stepping randomly (stuck).
  3807 | D:3      | 3807 ||| Stepping randomly (stuck).
  3809 | D:3      | 3809 ||| Stepping randomly (stuck).
  3811 | D:3      | 3811 ||| Stepping randomly (stuck).
  3812 | D:3      | 3812 ||| Stepping randomly (stuck).
  3813 | D:3      | 3813 ||| Stepping randomly (stuck).
  3814 | D:3      | 3814 ||| Stepping randomly (stuck).
  3816 | D:3      | 3816 ||| Stepping randomly (stuck).
  3818 | D:3      | 3818 ||| Stepping randomly (stuck).
  3819 | D:3      | 3819 ||| Stepping randomly (stuck).
  3820 | D:3      | 3820 ||| Stepping randomly (stuck).
  3821 | D:3      | 3821 ||| Stepping randomly (stuck).
  3822 | D:3      | 3822 ||| Stepping randomly (stuck).
  3823 | D:3      | 3823 ||| Stepping randomly (stuck).
  3824 | D:3      | 3824 ||| Stepping randomly (stuck).
  3825 | D:3      | 3825 ||| Stepping randomly (stuck).
  3826 | D:3      | 3826 ||| Stepping randomly (stuck).
  3827 | D:3      | 3827 ||| Stepping randomly (stuck).
  3828 | D:3      | 3828 ||| Stepping randomly (stuck).
  3829 | D:3      | Quit the game

Levels and vault maps discovered:
D:1:      spicycebolla_arrival_ecumenical, layout_basic, serial_forest,
          infiniplex_forest_lined_room_, infiniplex_forest_lined_room_2,
          infiniplex_forest_clump_cross, infiniplex_forest_lined_2,
          infiniplex_forest_lined_2, infiniplex_forest_lined_2,
          infiniplex_forest_lined_room_2, minivault_27
D:2:      layout_basic, minivault_26, lemuel_another_geyser
D:3:      layout_loops_ring, mainiacjoe_overflow_24_doors, serial_shops,
          nicolae_shop_stone, minmay_puff, uniq_sigmund, uniq_terence,
          uniq_robin, uniq_jessica, uniq_ijyb

Skill      XL: |  1  2  3  4  5 |
---------------+----------------+-----
Unarmed Combat | 4 5 7 |  7.6
Fighting       | |  2.4
Spellcasting   | |  1.0
Fire Magic     | |  2.1

Action                   |  1- 3 |  4- 6 || total
-------------------------+-------+-------++-------
Melee: Unarmed           |    97 |    85 ||   182
       Punch             |       |     2 ||     2
Invok: Fiery Armour      |       |     1 ||     1
  Use: Scroll            |     6 |     1 ||     7
       Potion            |     2 |     2 ||     4
Armor: Robe              |    45 |    16 ||    61
Dodge: Dodged            |    37 |    26 ||    63

Table legend:
 A = Non-vault XP
 B = Vault XP
 C = Vault XP percentage of total XP
 D = Non-vault monster count
 E = Vault monster count
 F = Vault count percentage of total count
                 A         B        C        D         E       F
            +---------+---------+-------+---------+---------+-------
      Total |     231 |     377 |  62.0 |      57 |      12 |  17.4
            +---------+---------+-------+---------+---------+-------
        D:1 |      39 |       0 |   0.0 |      20 |       0 |   0.0
        D:2 |      47 |       0 |   0.0 |      17 |       0 |   0.0
        D:3 |     145 |     377 |  72.2 |      20 |      12 |  37.5
            +---------+---------+-------+---------+---------+-------
